 Dungeon Crawl Stone Soup version 0.31-a0-246-g8cbcc1cb85 (webtiles) character file.

Game seed: 16709480553353974843

49 qw the Shooter (level 3, -2/21 HPs)
             Began as a Gargoyle Hexslinger on July 12, 2023.
             Slain by a gnoll
             ... wielding a +2 flail of protection
              (10 damage)
             ... on level 2 of the Dungeon.
             The game lasted 00:00:20 (913 turns).

qw the Shooter (Gargoyle Hexslinger)                 Turns: 913, Time: 00:00:20

Health: -2/21      AC:  5    Str: 11    XL:     3   Next: 75%
Magic:  4/4        EV: 12    Int: 13    God:
Gold:   23         SH:  0    Dex: 14    Spells: 3/4 levels left

rFire   . . .        Y - +2 sling
rCold   . . .        (no shield)
rNeg    + . .        c - +0 robe
rPois   inf          (no helmet)
rElec   +            (no cloak)
rCorr   .            (no gloves)
SInv    .            (no boots)
Will    .....        (no amulet)
Stlth   +            (no ring)
HPRegen 0.23/turn    (no ring)
MPRegen 0.09/turn

%: no passive effects
@: no status effects
A: sickness immunity, AC +3, negative energy resistance 1, electricity
resistance, torment resistance 1, petrification resistance
a: no special abilities


You were on level 2 of the Dungeon.
You visited 1 branch of the dungeon, and saw 2 of its levels.

You collected 23 gold pieces.


Innate Abilities, Weirdness & Mutations

You are immune to sickness and miasma.
Your stone body is resilient. (AC +3)
You are immune to poison.
You resist negative energy. (rN+)
You are resistant to electric shocks. (rElec)
You are resistant to unholy torment.
You are immune to petrification.


   Skills:
 - Level 2.0 Fighting
 + Level 3.6 Ranged Weapons
 - Level 1.5 Dodging
 - Level 1.0 Spellcasting
 - Level 2.6 Hexes


You had 3 spell levels left.
You knew the following spells:

 Your Spells              Type           Power      Damage    Failure   Level
a - Slow                  Hex            28%        N/A       10%         1

Your spell library contained the following spells:

 Spells                   Type           Power      Damage    Failure   Level
 Inner Flame              Hex/Fire       4%         N/A       43%         3
 Portal Projectile        Hex/Tloc       8%         N/A       43%         3
 Cause Fear               Hex            3%         N/A       67%         4

Inventory:

Hand Weapons
 Y - a +2 sling (weapon)
Armour
 a - a +0 leather armour
 c - a +0 robe (worn)
 e - a +0 helmet
Potions
 b - a potion of enlightenment {unknown}
 d - a potion of might
 f - a potion of berserk rage {unknown}

Dungeon Overview and Level Annotations

Branches:
Dungeon (2/15)

Altars:


Message History

2 gnolls come into view.
A gnoll is wielding a +2 flail of protection.
Enter note: You shoot a sling bullet.
The sling bullet hits the gnoll.
The gnoll is moderately wounded.
You hear a shout!
A gnoll comes into view. It is wielding a +0 spear.
903 ||| Stepping ~*~*~tactically~*~*~ (outnumbered).
You shoot a sling bullet. The sling bullet hits the gnoll.
The gnoll is lightly wounded.
You shoot a sling bullet. The sling bullet hits the gnoll.
The gnoll is moderately wounded.
The gnoll hits you from afar with a +0 spear.
You shoot a sling bullet. The sling bullet hits the gnoll.
The gnoll is severely wounded.
The gnoll hits you from afar with a +0 spear.
You shoot a sling bullet. The sling bullet hits the gnoll!
You kill the gnoll!
You shoot a sling bullet.
The sling bullet hits the gnoll but does no damage.
The gnoll is moderately wounded.
The gnoll hits you with a +2 flail of protection!
You shoot a sling bullet.
The sling bullet hits the gnoll but does no damage.
The gnoll is moderately wounded.
You shoot a sling bullet.
The sling bullet hits the gnoll but does no damage.
The gnoll is moderately wounded.
The gnoll hits you but does no damage.
You shoot a sling bullet.
The sling bullet barely misses the gnoll.
The gnoll hits you with a +2 flail of protection.
You shoot a sling bullet.
The sling bullet completely misses the gnoll.
The gnoll closely misses you. x2
You shoot a sling bullet.
The sling bullet hits the gnoll but does no damage.
The gnoll is moderately wounded.
The gnoll hits you with a +2 flail of protection!
You die...

#.#..#............#
#.#..#.#####.###.##
..#..#.......# #.#
..####.####### #.#
... #.# ### #.# #.#
#.# ###@# #..g#
#)### #. #. #. #g
.g ..


You could see a gnoll.

Vanquished Creatures
  Robin (D:2)
  A gnoll (D:2)
  4 endoplasms (D:1)
  6 goblins
  3 hobgoblins
  A kobold (D:1)
  3 ball pythons
  3 bats (D:1)
  3 frilled lizards (D:1)
  3 rats (D:1)
28 creatures vanquished.

Notes
Turn   | Place    | Note
-------+----------+-------------------------------------------
     0 | D:1      | qw the Gargoyle Hexslinger began the quest for the Orb.
     0 | D:1      | Reached XP level 1. HP: 12/12 MP: 2/2
     0 | D:1      | 0 ||| qw: Version: 0.3-a-52-g30416fa
     0 | D:1      | 0 ||| qw: Game counter: 6386
     0 | D:1      | 0 ||| qw: Melee chars always use a shield: true
     0 | D:1      | 0 ||| qw: God list: Okawaru
     0 | D:1      | 0 ||| qw: Allow faded altars: false
     0 | D:1      | 0 ||| qw: Do Orc after clearing Dungeon:15 true
     0 | D:1      | 0 ||| qw: Do second Lair branch before Depths: true
     0 | D:1      | 0 ||| qw: Lair rune preference: random
     0 | D:1      | 0 ||| qw: Goals: Normal
     0 | D:1      | 0 ||| PLANNING D:1-11
   260 | D:1      | Reached XP level 2. HP: 16/16 MP: 3/3
   325 | D:1      | Reached skill level 3 in Ranged Weapons
   599 | D:1      | 599 ||| READING scroll labelled WOIRHONYMA.
   600 | D:1      | 600 ||| READING scroll labelled VULEOKHLOMI.
   601 | D:1      | 601 ||| DROPPING scroll of poison.
   698 | D:2      | Noticed Robin
   702 | D:2      | Reached XP level 3. HP: 21/21 MP: 4/4
   708 | D:2      | Killed Robin
   722 | D:2      | 722 ||| FLEEEEING.
   723 | D:2      | 723 ||| FLEEEEING.
   729 | D:2      | 729 ||| FLEEEEING.
   730 | D:2      | 730 ||| FLEEEEING.
   736 | D:2      | 736 ||| FLEEEEING.
   903 | D:2      | 903 ||| Stepping ~*~*~tactically~*~*~ (outnumbered).
   913 | D:2      | Slain by a gnoll

Levels and vault maps discovered:
D:1:      matt_arrival_los_fun, layout_basic, minmay_misc_feat_five
D:2:      layout_basic, serial_shops, shop, uniq_sigmund, uniq_robin

Skill      XL: |  1  2  3 |
---------------+----------+-----
Ranged Weapons | 3 |  3.6
Fighting       | 2 |  2.0
Dodging        | |  1.5
Spellcasting   | |  1.0
Hexes          | |  2.6

Action                     || total
---------------------------++-------
   Fire: Sling             ||    75
    Use: Scroll            ||     2
 Armour: Robe              ||     6
  Dodge: Dodged            ||    15

Table legend:
 A = Non-vault XP
 B = Vault XP
 C = Vault XP percentage of total XP
 D = Non-vault monster count
 E = Vault monster count
 F = Vault count percentage of total count
                 A         B        C        D         E       F
            +---------+---------+-------+---------+---------+-------
      Total |      44 |      26 |  37.1 |      21 |       7 |  25.0
            +---------+---------+-------+---------+---------+-------
        D:1 |      27 |       0 |   0.0 |      18 |       0 |   0.0
        D:2 |      17 |      26 |  60.5 |       3 |       7 |  70.0
            +---------+---------+-------+---------+---------+-------
